 Dungeon Crawl Stone Soup version 0.20.1-1-g8b1a95d (webtiles) character file.

2440 Monsterracer the Covert (level 9, 0/44 HPs)
             Began as a Spriggan Enchanter on July 7, 2017.
             Was an Initiate of Gozag.
             Killed from afar by an electric eel (13 damage)
             ... with a bolt of electricity
             ... on level 6 of the Dungeon.
             The game lasted 00:27:48 (9594 turns).

Monsterracer the Covert (Spriggan Enchanter)        Turns: 9594, Time: 00:27:49

Health: 0/44       AC:  3    Str:  4    XL:     9   Next: 25%
Magic:  4/17       EV: 24    Int: 23    God:    Gozag
Gold:   771        SH:  0    Dex: 17    Spells: 6/18 levels left

rFire    . . .     SeeInvis +   n - +1 short sword (speed)
rCold    . . .     Gourm    .   (shield restricted)
rNeg     . . .     Faith    .   b - +1 robe
rPois    .         Spirit   .   (helmet restricted)
rElec    .         Reflect  .   (no cloak)
rCorr    .         Harm     .   (gloves unavailable)
MR       +....                  (boots unavailable)
Stlth    +++.......             (no amulet)
Regen    0.2/turn               a - +4 ring of intelligence
MPRegen  0.2/turn               o - ring of stealth

@: very slightly contaminated, hasted, quick
A: unfitting armour, see invisible, herbivore 3, speed 3, slow metabolism 2
a: Potion Petition, Call Merchant, Bribe Branch, Renounce Religion


You were on level 6 of the Dungeon.
You worshipped Gozag.
Gozag was pleased with you.
You were full.

You visited 2 branches of the dungeon, and saw 7 of its levels.

You collected 861 gold pieces.
You paid 90 gold pieces to Gozag.

Inventory:

Hand Weapons
 n - a +1 short sword of speed (weapon)
Armour
 b - a +1 robe (worn)
Jewellery
 a - a +4 ring of intelligence (left hand)
 o - a ring of stealth (right hand)
Wands
 c - a wand of digging (20/24)
 h - a wand of iceblast (4/15)
 r - a wand of disintegration (17/24)
Scrolls
 f - 6 scrolls of teleportation {unknown}
 g - 2 scrolls of blinking
 i - 5 scrolls of identify
 j - 2 scrolls of enchant weapon
 k - 2 scrolls of remove curse
 l - a scroll of recharging
 m - a scroll of fear
 s - a scroll of amnesia
Potions
 e - 4 potions of heal wounds
 p - 2 potions of curing
 t - 2 potions of agility
Comestibles
 d - 5 bread rations


   Skills:
 - Level 3.0 Fighting
 + Level 6.0 Short Blades
 - Level 8.3 Dodging
 + Level 9.8 Stealth
 - Level 5.0 Spellcasting
 - Level 8.1 Hexes


You had 6 spell levels left.
You knew the following spells:

 Your Spells              Type           Power        Failure   Level  Hunger
a - Corona                Hex            #####..      1%          1    None
b - Ensorcelled Hibernat  Hex/Ice        ###...       2%          2    None
c - Confuse               Hex            #####...     1%          3    ##.....
d - Tukima's Dance        Hex            #####...     1%          3    ##.....
e - Dazzling Spray        Conj/Hex       ###...       5%          3    ##.....


Dungeon Overview and Level Annotations

Branches:
Dungeon (6/15)             Temple (1/1) D:5

Altars:
Ashenzari
Cheibriados
Dithmenos
Elyvilon
Fedhas
Gozag
Hepliaklqana
Kikubaaqudgha
Makhleb
Nemelex Xobeh
Okawaru
Qazlal
Ru
Sif Muna
Trog
Uskayaw
Vehumet
Xom
Yredelemnul
Zin
The Shining One


Innate Abilities, Weirdness & Mutations

You are very small and have problems with some larger weapons.
You are too small for most types of armour.
You have supernaturally acute eyesight. (SInv)
You are a herbivore.
You cover ground extremely quickly.
You need consume almost no food.


Message History

The spray of energy misses the electric eel.
The electric eel shoots out a bolt of lightning at you!
The bolt of electricity hits you!
* * * LOW HITPOINT WARNING * * *
The electric eel shoots out a bolt of lightning at you!
The bolt of electricity hits you!
* * * LOW HITPOINT WARNING * * *
Huge Dmg: -46%(-20hp) hp: 16%(7hp) [a] - 0 gold - haste and heal wounds [b] - 0 gold - heal wounds and berserk rage [c] - 0 gold - haste and resistance Purchase which effect?
You feel yourself speed up.
You feel much better.
The electric eel shoots out a bolt of lightning at you!
The bolt of electricity hits you!
* * * LOW HITPOINT WARNING * * *
The electric eel shoots out a bolt of lightning at you!
The bolt of electricity hits you!
You die...
Your body crumbles into a pile of gold.

#.)....# #
#≈≈≈≈≈≈≈≈≈#......########
##≈≈≈≈≈≈≈≈##'##...........
#≈≈≈≈≈≈≈≈≈#...#...........
#≈≈≈≈≈≈≈≈≈#...#...........
#≈≈≈≈≈≈≈≈≈#...############
#≈≈≈≈≈≈;≈≈#####≈≈≈≈≈≈≈≈≈≈≈
#≈≈≈≈≈≈;≈≈≈≈≈≈≈≈≈≈≈≈≈≈≈≈≈≈
#≈≈≈≈≈≈≈≈@≈≈≈≈≈≈≈≈≈≈≈≈≈≈≈≈
#≈.≈≈.≈≈...≈≈...≈.≈≈≈.≈≈≈≈
#.........................
#.........................
#..#############.#####.#.#
#................# #(..#
################.# #(###
#.# #(# #)#####(#


You could see 2 electric eels.

Vanquished Creatures
  Prince Ribbit (D:5)
  A hippogriff (D:5)
  Sigmund (D:5)
  Duvessa (D:4)
  A sky beast (D:4)
  2 centaurs (D:5)
  2 big kobolds (D:6)
  A bullfrog (D:4)
  Dowan (D:4)
  3 scorpions
  3 wights (D:3)
  An electric eel (D:6)
  2 howler monkeys (D:5)
  A crimson imp (D:6)
  A jelly (D:6)
  A hound (D:6)
  3 orc priests
  4 orc wizards
  A bullfrog skeleton (D:4)
  Ijyb (D:3)
  Jessica (D:2)
  Terence (D:3)
  9 worker ants
  10 adders
  4 gnolls
  A howler monkey skeleton (D:6)
  2 shadow imps (D:6)
  An adder skeleton (D:4)
  A worm (D:2)
  7 dart slugs
  3 leopard geckos
  18 orcs
  A ball python (D:1)
  4 giant cockroaches
  10 goblins
  8 hobgoblins
  3 jackals (D:2)
  A quokka (D:2)
  8 bats
  7 frilled lizards
  A jackal skeleton (D:6)
  43 kobolds
  A leopard gecko skeleton (D:6)
  4 rats
181 creatures vanquished.

Vanquished Creatures (others)
  A kobold (D:6)
1 creature vanquished.

Grand Total: 182 creatures vanquished

Notes
Turn   | Place    | Note
-------+----------+-------------------------------------------
     0 | D:1      | Monsterracer the Spriggan Enchanter began the quest for the Orb.
     0 | D:1      | Reached XP level 1. HP: 9/9 MP: 5/5
   197 | D:1      | Reached XP level 2. HP: 12/13 MP: 3/6
   201 | D:1      | Learned a level 2 spell: Ensorcelled Hibernation
   307 | D:1      | Reached skill level 5 in Stealth
  1043 | D:2      | Reached XP level 3. HP: 16/16 MP: 8/8
  1061 | D:2      | Found a glowing golden altar of the Shining One.
  1135 | D:2      | Noticed Jessica
  1472 | D:2      | Killed Jessica
  1472 | D:2      | Reached skill level 6 in Stealth
  1598 | D:2      | Reached XP level 4. HP: 21/21 MP: 9/9
  1765 | D:2      | Learned a level 3 spell: Confuse
  2144 | D:2      | Found a bloodstained altar of Trog.
  2146 | D:2      | Found an iron altar of Okawaru.
  2265 | D:3      | Reached XP level 5. HP: 24/24 MP: 7/10
  2435 | D:3      | Reached skill level 7 in Stealth
  2520 | D:3      | Learned a level 3 spell: Tukima's Dance
  2615 | D:3      | Noticed Ijyb
  2616 | D:3      | Killed Ijyb
  2708 | D:3      | Noticed Terence
  2716 | D:3      | Killed Terence
  2939 | D:3      | Found a faded altar of an unknown god.
  2993 | D:3      | Found a white marble altar of Elyvilon.
  3059 | D:3      | Reached skill level 8 in Stealth
  3059 | D:3      | Reached XP level 6. HP: 28/28 MP: 4/11
  3662 | D:4      | Found a basalt altar of Yredelemnul.
  3800 | D:4      | Found a bloodstained altar of Trog.
  3900 | D:4      | Noticed Duvessa
  3902 | D:4      | Noticed Dowan
  3913 | D:4      | Killed Dowan
  4128 | D:3      | Reached skill level 5 in Hexes
  4128 | D:3      | Reached XP level 7. HP: 16/32 MP: 8/13
  4312 | D:4      | Killed Duvessa
  4395 | D:4      | Learned a level 3 spell: Dazzling Spray
  4682 | D:4      | Found a sacrificial altar of Ru.
  4803 | D:4      | Found a glowing silver altar of Zin.
  4974 | D:5      | Entered Level 5 of the Dungeon
  5123 | D:5      | Noticed a hippogriff
  5126 | D:5      | Killed a hippogriff
  5126 | D:5      | Reached skill level 5 in Spellcasting
  5149 | D:5      | Reached XP level 8. HP: 36/36 MP: 11/16
  5707 | D:4      | Reached skill level 1 in Fighting
  5968 | D:5      | Found a hazy altar of Hepliaklqana.
  6074 | D:5      | Reached skill level 5 in Dodging
  6075 | D:5      | Noticed Prince Ribbit
  6082 | D:5      | Killed Prince Ribbit
  6171 | D:5      | Noticed Sigmund
  6182 | D:5      | Killed Sigmund
  6538 | D:5      | Found a staircase to the Ecumenical Temple.
  6544 | Temple   | Entered the Ecumenical Temple
  6575 | Temple   | Became a worshipper of Gozag Ym Sagoz the Greedy
  7094 | D:6      | Reached skill level 5 in Short Blades
  7107 | D:6      | Reached XP level 9. HP: 44/44 MP: 11/17
  7182 | D:6      | Found a sacrificial altar of Ru.
  8012 | D:6      | Reached skill level 9 in Stealth
  8286 | D:6      | Found a shattered altar of Ashenzari.
  9594 | D:6      | Killed from afar by an electric eel

Skill      XL: |  1  2  3  4  5  6  7  8  9 |
---------------+----------------------------+-----
Short Blades   | 2 3 4 5 6 |  6.0
Stealth        | 5 6 8 9 |  9.8
Hexes          | 5 7 8 |  8.1
Spellcasting   | 3 5 |  5.0
Dodging        | 8 |  8.3
Fighting       | 3 |  3.0

Action                   |  1- 3 |  4- 6 |  7- 9 || total
-------------------------+-------+-------+-------++-------
Melee: Dagger            |    77 |   184 |    87 ||   348
       Short sword       |       |       |   276 ||   276
 Cast: Corona            |     6 |     6 |    15 ||    27
       Ensorcelled Hiber |     6 |    14 |    56 ||    76
       Confuse           |       |     3 |     2 ||     5
       Dazzling Spray    |       |       |     9 ||     9
Invok: Potion Petition   |       |       |     1 ||     1
  Use: Potion            |     2 |     5 |       ||     7
       Scroll            |       |     1 |     9 ||    10
 Stab: Sleeping          |    11 |    17 |    37 ||    65
       Distracted        |     1 |       |     5 ||     6
       Invisible         |       |     1 |       ||     1
       Confused          |       |     2 |     1 ||     3
       Paralysed         |       |       |     1 ||     1
  Eat: Royal jelly       |       |     1 |       ||     1
       Fruit             |       |       |     5 ||     5
       Bread ration      |       |       |     1 ||     1
Armor: Robe              |    11 |    11 |    12 ||    34
Dodge: Dodged            |    56 |   111 |   240 ||   407
